 Dungeon Crawl Stone Soup version 0.22.1-1-ga44c0e5 (webtiles) character file.

169 Anon1729 the Ducker (level 5, -3/45 HPs)
             Began as a Ghoul Gladiator on Oct 30, 2018.
             Slain by an orc
             ... wielding a +0 flail
              (7 damage)
             ... on level 2 of the Dungeon.
             The game lasted 00:04:12 (2733 turns).

Anon1729 the Ducker (Ghoul Gladiator)               Turns: 2733, Time: 00:04:12

Health: -3/45      AC:  5    Str: 18    XL:     5   Next: 50%
Magic:  4/4        EV: 12    Int:  4    God:
Gold:   110        SH:  0    Dex: 10    Spells: 4/4 levels left

rFire    . . .     SeeInvis .   a - +0 quarterstaff
rCold    + . .     Gourm    .   (shield currently unavailable)
rNeg     + + +     Faith    .   b - +0 leather armour
rPois    ∞         Spirit   .   c - +0 helmet
rElec    .         Reflect  .   (no cloak)
rCorr    .         Harm     .   (no gloves)
MR       .....                  o - +0 pair of boots
Stlth    +.........             (no amulet)
HPRegen  0.00/turn              (no ring)
MPRegen  0.09/turn              (no ring)

@: rotting
A: rotting body, claws 1, carnivore, cold resistance 1, negative energy
resistance 3, inhibited regeneration, torment resistance, unbreathing
a: no special abilities


You were on level 2 of the Dungeon.
You were not hungry.

You visited 1 branch of the dungeon, and saw 3 of its levels.

You collected 110 gold pieces.

Inventory:

Hand Weapons
 a - a +0 quarterstaff (weapon)
 j - a +2 dagger of venom
Missiles
 d - 3 throwing nets (quivered)
Armour
 b - a +0 leather armour (worn)
 c - a +0 helmet (worn)
 o - a +0 pair of boots (worn)
Scrolls
 e - a scroll of random uselessness {unknown}
 h - 3 scrolls of identify {unknown}
 i - 2 scrolls of teleportation {unknown}
 l - a scroll of noise {unknown}
 n - a scroll of enchant weapon {unknown}
 p - 2 scrolls of amnesia {unknown}
Potions
 k - a potion of heal wounds {unknown}
 m - a potion of curing {unknown}
 q - a potion of degeneration {unknown}
Comestibles
 f - 6 rations


   Skills:
 + Level 3.5 Fighting
 + Level 3.5 Staves
 - Level 1.7 Throwing
 + Level 2.0 Armour
 + Level 3.6 Dodging


You had 4 spell levels left.
You didn't know any spells.
Your spell library was empty.

Dungeon Overview and Level Annotations

Branches:
Dungeon (3/15)

Altars:
Nemelex Xobeh
Trog


Innate Abilities, Weirdness & Mutations

Your body is rotting away.
You thrive on raw meat.
You are immune to poison.
You have sharp fingernails.
You are carnivorous and can eat meat at any time.
Your flesh is cold resistant. (rC+)
You are immune to negative energy. (rN+++)
You do not regenerate when monsters are visible.
You are immune to unholy pain and torment.
You can survive without breathing.


Message History

You are too injured to fight recklessly!
You are too injured to fight recklessly!
Unknown command.
The adder bites you but does no damage. The adder closely misses you.
The adder bites you. The adder bites you.
* * * LOW HITPOINT WARNING * * *
The orc priest miscasts a cantrip.
The adder completely misses you. The orc barely misses you.
The adder barely misses you.
The frilled lizard hisses.
There is a stone staircase leading up here.
The orc hits you with a flail!
* * * LOW HITPOINT WARNING * * *
You climb upwards.
There is a stone staircase leading down here.
Okay, then.
You aren't carrying any items that you can evoke.
You closely miss the orc. The orc hits you with a flail!
You die...

##...## #.#.# #..# ......#
#.#.# #..# .....[# #.#.# #..#
......# #.#.# #..# ......#
#.#.# ####..# ......# #.#.#
#.##..#
......#######.#####.##..#
...........##.......##..#
#####..........o@...##..#
.................(......######
#####..[.....................#
........................####.#
#####..>...........#########.#
....'........................#
##.##..............###########
##.####..(.......###
....>.((#.####.#.#######


You could see an orc.

Vanquished Creatures
  A jelly (D:1)
  3 adders (D:2)
  6 oozes (D:1)
  2 worms
  A dart slug (D:2)
  A leopard gecko (D:2)
  An orc (D:3)
  7 giant cockroaches
  7 goblins
  9 hobgoblins
  5 jackals (D:1)
  8 kobolds
  A quokka (D:2)
  2 ball pythons (D:1)
  8 bats
  3 frilled lizards
  10 rats
75 creatures vanquished.

Notes
Turn   | Place    | Note
-------+----------+-------------------------------------------
     0 | D:1      | Anon1729 the Ghoul Gladiator began the quest for the Orb.
     0 | D:1      | Reached XP level 1. HP: 17/17 MP: 0/0
     1 | D:1      | Found a runed door.
    82 | D:1      | Reached XP level 2. HP: 11/25 MP: 1/1
   358 | D:1      | Found a sparkling altar of Nemelex Xobeh.
   474 | D:1      | Reached XP level 3. HP: 25/30 MP: 2/2
   614 | D:1      | Reached skill level 1 in Armour
  1338 | D:1      | Reached XP level 4. HP: 27/37 MP: 3/3
  1519 | D:2      | Reached XP level 5. HP: 32/45 MP: 4/4
  2476 | D:2      | Noticed a moth of wrath
  2479 | D:2      | Found a bloodstained altar of Trog.
  2733 | D:2      | Slain by an orc

Skill      XL: |  1  2  3  4  5 |
---------------+----------------+-----
Dodging        | 3 |  3.6
Staves         | 3 |  3.5
Armour         | 1 2 |  2.0
Fighting       | 3 |  3.5
Throwing       | |  1.7

Action                   |  1- 3 |  4- 6 || total
-------------------------+-------+-------++-------
Melee: Quarterstaff      |    90 |   151 ||   241
  Eat: Chunk             |       |    12 ||    12
Armor: Leather armour    |    30 |    58 ||    88
Dodge: Dodged            |    60 |   154 ||   214
